 Dungeon Crawl Stone Soup version 0.31-a0-1237-gabc64e778c (webtiles) character file.

Game seed: 12559602522322409839

865 LeprechaunX the Changeling (level 8, -3/52 HPs)
             Began as an Octopode Shapeshifter on Dec 15, 2023.
             Was an Initiate of Ru.
             Slain by an ice beast (14 damage)
             ... on level 5 of the Dungeon.
             The game lasted 00:06:04 (4027 turns).

LeprechaunX the Changeling (Octopode Shapeshifter)  Turns: 4027, Time: 00:06:06

Health: -3/52      AC:  1    Str: 14    XL:     8   Next: 3%
Magic:  10/10      EV: 12    Int: 12    God:    Ru [......]
Gold:   349        SH:  4    Dex: 13    Spells: 7/7 levels left

rFire   . .          .
                       - Unarmed
rCold   . . .        l - +0 buckler
rNeg    . . .        (helmet currently unavailable)
rPois   .            (no amulet)
rElec   .            B - ring of flight
rCorr   .            (no ring)
SInv    .            (no ring)
Will    .....        (no ring)
Stlth   ++           (no ring)
HPRegen 0.28/turn    (no ring)
MPRegen 0.12/turn    (no ring)
                     (no ring)

%: no passive effects
@: beast-form, flying
A: beast (slay +3), almost no armour, amphibious, 8 rings, camouflage 1,
gelatinous body 1, (nimble swimmer 1), tentacles
a: Begin Untransformation, Renounce Religion


You were on level 5 of the Dungeon.
You worshipped Ru.
Ru was noncommittal.
You were a hulking beast.
You visited 2 branches of the dungeon, and saw 6 of its levels.
You also visited: Ossuary.

You collected 349 gold pieces.

Inventory:

Hand Weapons
 s - a +0 sling
Missiles
 e - 27 boomerangs (quivered)
 r - 6 atropa-tipped darts
Armour
 k - a +0 kite shield
 l - a +0 buckler (worn)
Jewellery
 B - a ring of flight (left tentacle)
 D - a ring of willpower
Talismans
 b - a beast talisman
 c - a flux talisman
Scrolls
 g - a scroll of butterflies {unknown}
 i - 2 scrolls of enchant armour {unknown}
 j - 4 scrolls of vulnerability {unknown}
 n - 2 scrolls of enchant weapon {unknown}
 o - a scroll of fear {unknown}
 q - a scroll of identify {unknown}
 t - 2 scrolls of poison {unknown}
 u - 4 scrolls of teleportation {unknown}
 v - a scroll of fog {unknown}
 y - 2 scrolls of immolation {unknown}
 C - a scroll of noise {unknown}
Potions
 a - a potion of lignification
 d - 3 potions of heal wounds {unknown}
 f - 2 potions of attraction {unknown}
 h - a potion of resistance {unknown}
 m - 3 potions of degeneration {unknown}
 p - 2 potions of curing {unknown}
 w - a potion of mutation {unknown}
 x - a potion of haste {unknown}
 z - a potion of brilliance {unknown}
 A - a potion of enlightenment {unknown}


   Skills:
 + Level 3.4 Fighting
 + Level 2.9 Throwing
 - Level 2.0 Dodging
 + Level 2.6 Shields
 + Level 4.4 Unarmed Combat
 + Level 3.4 Invocations
 * Level 5.2 Shapeshifting


You had 7 spell levels left.
You didn't know any spells.
Your spell library contained the following spells:

 Spells                   Type           Power      Damage    Failure   Level
 Shock                    Conj/Air       0%         1d3       41%         1
 Wereblood                Tmut           0%         N/A       54%         2
 Swiftness                Air            0%         N/A       78%         3
 Airstrike                Air            0%         2d(0-16)  99%         4
 Irradiate                Conj/Tmut      0%         3d11      100%        5


Dungeon Overview and Level Annotations

Branches:
Dungeon (5/15)             Temple (1/1) D:4         Ossuary (visited)

Altars:
Cheibriados
Dithmenos
Elyvilon
Gozag
Hepliaklqana
Nemelex Xobeh
Okawaru
Qazlal
Ru
Sif Muna
Trog
Uskayaw
Vehumet
Wu Jian
Xom
Yredelemnul
The Shining One

Shops:
D:4 (


Innate Abilities, Weirdness & Mutations

You are a hulking beast.
Your limbs bulge with bestial killing power. (Slay +3)
You cannot wear most types of armour.
You are amphibious.
You can wear up to eight rings at the same time.
Your skin changes colour to match your surroundings (Stealth+).
Your rubbery body absorbs attacks. (AC +1, EV +1)
((You are camouflaged when in or above water. (Stealth+)))
You have tentacles for arms and can constrict up to eight enemies at once.


Message History

Items here: ))))) [[[[ †††.
You now have 349 gold pieces (gained 13).
Items here: ))))) [[[[ †††.
Found a plate armour.
You see here a +0 plate armour.
An ice beast comes into view.
An ice beast is nearby!
An ice beast is nearby!
An ice beast is nearby!
You tentacle-slap the ice beast.
The ice beast is lightly wounded.
You closely miss the ice beast.
The ice beast is lightly wounded.
The ice beast hits you. The ice beast freezes you!
You tentacle-slap the ice beast.
The ice beast is lightly wounded.
The ice beast misses you.
You closely miss the ice beast. Your squeeze misses the ice beast.
The ice beast is lightly wounded.
The ice beast hits you but does no damage.
You tentacle-slap the ice beast.
The ice beast is moderately wounded.
The ice beast hits you. The ice beast freezes you!
You are too injured to fight recklessly!
You are too injured to fight recklessly!
You are too injured to fight recklessly!
You tentacle-slap the ice beast.
The ice beast is moderately wounded.
The ice beast hits you. The ice beast freezes you!
* * * LOW HITPOINT WARNING * * *
You tentacle-slap the ice beast.
The ice beast is heavily wounded.
You block the ice beast's attack.
You closely miss the ice beast.
You tentacle-slap the ice beast, but do no damage.
The ice beast is heavily wounded.
The ice beast hits you.
* * * LOW HITPOINT WARNING * * *
The ice beast freezes you!
You die...

#.#..### #.
##.........# #.#..# #.#
#.#.#.#.#.## #
#.#..#####
#.#####.........<# #
..#......##
#.#.....#.#.#.#.## #
#.####..#
#.#.#####.....### # ...
##.###.#.# #.##### #
#... #..##.#.# #.# #
#_.. #####..#..Y#####.#
#
#...............h.....#
### #
###.#.#######>#######.#
#.# # #.# #.# #.# #.#
#.#####.##### ###
#....[.......
############# ## #.


You could see an ice beast.

Vanquished Creatures
  A black bear (D:4)
  An ogre (D:4)
  A scorpion (D:5)
  5 water moccasin zombies (Ossuary)
  A hound (D:5)
  3 iguanas
  2 orc wizards (D:5)
  A bullfrog simulacrum (Ossuary)
  A crocodile zombie (Ossuary)
  2 mummies (Ossuary)
  2 adders
  5 adder zombies (Ossuary)
  A worm (D:2)
  2 dart slugs
  9 orcs
  8 endoplasms
  10 goblins
  10 hobgoblins
  4 quokkas
  7 ball pythons
  A bat (D:2)
  A frilled lizard (D:1)
  7 gnoll zombies (Ossuary)
  7 hobgoblin zombies (Ossuary)
  8 kobolds
  3 kobold zombies (Ossuary)
  6 orc zombies (Ossuary)
  9 rats
118 creatures vanquished.

Notes
Turn   | Place    | Note
-------+----------+-------------------------------------------
     0 | D:1      | LeprechaunX the Octopode Shapeshifter began the quest for
                  | the Orb.
     0 | D:1      | Reached XP level 1. HP: 13/13 MP: 1/1
    14 | D:1      | Found a faded altar of an unknown god.
    53 | D:1      | Prayed at the altar of an unknown god.
    53 | D:1      | Became a worshipper of Elyvilon the Healer
    53 | D:1      | Reached * piety under Elyvilon
    89 | D:1      | Reached XP level 2. HP: 15/18 MP: 2/2
   275 | D:1      | Elyvilon protects you from harm!
   403 | D:1      | Reached XP level 3. HP: 23/23 MP: 3/3
   490 | D:1      | Reached skill level 1 in Invocations
   973 | D:2      | Reached ** piety under Elyvilon
  1166 | D:2      | Reached XP level 4. HP: 29/29 MP: 3/5
  1829 | D:3      | Found an ornate altar of the Wu Jian Council.
  1866 | D:3      | Reached *** piety under Elyvilon
  1888 | D:3      | Found a basalt altar of Yredelemnul.
  2521 | D:4      | Found a white marble altar of Elyvilon.
  2541 | D:4      | Reached XP level 5. HP: 20/34 MP: 6/6
  2623 | D:4      | Found a staircase to the Ecumenical Temple.
  2633 | D:4      | Reached skill level 1 in Throwing
  2641 | Temple   | Entered the Ecumenical Temple
  2670 | Temple   | Fell from the grace of Elyvilon
  2670 | Temple   | Became a worshipper of Ru the Awakened
  2728 | D:4      | Noticed an ogre
  2736 | D:4      | Killed an ogre
  2737 | D:4      | Reached skill level 1 in Shields
  2737 | D:4      | Reached skill level 4 in Shapeshifting
  2904 | D:4      | Found Vimouru's Weapon Shop.
  2905 | D:4      | Noticed a black bear
  2913 | D:4      | Killed a black bear
  2914 | D:4      | Reached XP level 6. HP: 22/41 MP: 7/7
  3278 | D:5      | Entered Level 5 of the Dungeon
  3347 | D:5      | Found a sand-covered staircase.
  3348 | D:5      | Found a hide-covered altar of Uskayaw.
  3356 | Ossuary  | Entered an ossuary
  3378 | Ossuary  | Reached XP level 7. HP: 43/45 MP: 7/9
  3531 | Ossuary  | Reached skill level 5 in Shapeshifting
  3750 | D:5      | Found a radiant altar of Vehumet.
  3755 | D:5      | Found a sparkling altar of Nemelex Xobeh.
  3876 | D:5      | Reached XP level 8. HP: 23/52 MP: 10/10
  4027 | D:5      | Slain by an ice beast

Illustrated notes

Levels and vault maps discovered:
D:1:      dpeg_arrival_tiny_g, layout_rooms, shapermc_ecumenical_altar_venn
D:2:      layout_basic
D:3:      layout_basic, lemuel_round_altar, overflow_temple_1_default,
          serial_glass, glass_columns_b, glass_columns_a
D:4:      layout_loops_ring, lemuel_round_altar, minmay_temple_entry_overgrown,
          serial_shops, nicolae_shop_statue_plus
D:5:      cheibrodos_thug_alley, layout_basic,
          nicolae_overflow_macrodata_refinement,
          gammafunk_temple_overflow_statue, nicolae_ossuary_entry_ruins,
          st_stairs_9
Temple:   bh_familiar_temple

Skill      XL: |  1  2  3  4  5  6  7 |
---------------+----------------------+-----
Invocations    | 1 2 3 |  3.4
Fighting       | 2 3 |  3.4
Throwing       | 1 2 |  2.9
Shields        | 1 2 |  2.6
Shapeshifting  | 4 5 |  5.2
Unarmed Combat | 4 |  4.4
Dodging        | |  2.0

Action                     |  1- 3 |  4- 6 |  7- 9 || total
---------------------------+-------+-------+-------++-------
  Melee: Unarmed           |    66 |    93 |   115 ||   274
         Tentacles         |    13 |    15 |    29 ||    57
         Constrict         |    15 |    22 |    31 ||    68
         Punch             |       |     2 |     5 ||     7
  Throw: Boomerang         |       |     9 |     2 ||    11
 Invoke: Purification      |     1 |       |       ||     1
         Reject Sacrifices |       |       |     1 ||     1
   Stab: Sleeping          |    11 |     6 |       ||    17
 Armour: Skin              |    20 |    34 |    43 ||    97
  Dodge: Dodged            |    32 |    41 |    26 ||    99
  Block: Buckler           |     4 |    12 |     8 ||    24

Table legend: (Time is in decaauts)
 A = Elapsed time spent in this place.
 B = Non-inter-level travel time spent in this place.
 C = Inter-level travel time spent in this place.
 D = Time resting spent in this place.
 E = Time spent auto-exploring this place.
 F = Levels seen in this place.
 G = Mean time per level.
                   A        B        C        D        E       F      G
               +--------+--------+--------+--------+--------+-----+--------+
         Total |   4021 |   3766 |    255 |    124 |   2961 |   7 |  574.4 |
       Dungeon |   3622 |   3417 |    205 |     72 |   2828 |   5 |  724.4 |
        Temple |     57 |      7 |     50 |      0 |      0 |   1 |   57.0 |
       Ossuary |    341 |    341 |      0 |     52 |    133 |   1 |  341.0 |
               +--------+--------+--------+--------+--------+-----+--------+

Top non-repeatable levels by time:
     D:3: 937 daAuts
     D:2: 892 daAuts
     D:4: 730 daAuts
     D:1: 658 daAuts
     D:5: 402 daAuts
 Ossuary: 341 daAuts
  Temple: 57 daAuts
